 Dungeon Crawl Stone Soup version 0.24-a0-736-g4e6fe308c7 (webtiles) character file.

Game seed: 675895999266013912, levelgen mode: deterministic

9390 MisterOstroum the Archer (level 11, -17/99 HPs)
             Began as a Centaur Monk on Oct 2, 2019.
             Was a High Priest of Okawaru.
             Demolished by Snorg (21 damage)
             ... on level 10 of the Dungeon.
             The game lasted 00:45:07 (15699 turns).

MisterOstroum the Archer (Centaur Monk)            Turns: 15699, Time: 00:45:08

Health: -17/99     AC: 21    Str: 16    XL:     11   Next: 22%
Magic:  15/15      EV: 11    Int:  9    God:    Okawaru [*****.]
Gold:   1357       SH:  0    Dex: 18    Spells: 10/10 levels left

rFire    x . .     SeeInvis .   a - +2 quarterstaff (chaos)
rCold    + + .     Gourm    .   (shield currently unavailable)
rNeg     . . .     Faith    +   H - +3 chain mail
rPois    +         Spirit   .   (no helmet)
rElec    .         Reflect  .   w - +0 cloak
rCorr    .         Harm     .   l - +1 pair of gloves
MR       .....                  X - +2 centaur barding {Fly}
Stlth    +.........             U - amulet of faith
HPRegen  0.26/turn              O - ring of protection from cold
MPRegen  0.14/turn              W - ring "Restamed" {Ice rPois}

@: agile, heroism, berserk cooldown, slowed, lightly drained
A: large, hooves 3, deformed body, speed 2, tough skin 3
a: Heroism, Finesse, Renounce Religion, Evoke Flight


You were on level 10 of the Dungeon.
You worshipped Okawaru.
Okawaru was extremely pleased with you.
You were not hungry.

You visited 1 branch of the dungeon, and saw 10 of its levels.
You also visited: Sewer, Ossuary and Bailey.

You collected 1357 gold pieces.

Inventory:

Hand Weapons
 a - a +2 quarterstaff of chaos (weapon)
 b - a +3 shortbow
 c - a +0 hunting sling
 o - a +1 hunting sling of flaming
 x - a +0 spear
 y - a +4 demon trident
Missiles
 g - 4 javelins (quivered)
 h - 449 stones
 m - 147 sling bullets
 n - 50 boomerangs
 q - 58 poisoned darts
 D - 228 arrows
Armour
 l - a +1 pair of gloves (worn)
 w - a +0 cloak (worn)
 H - a +3 chain mail (worn)
 X - a +2 centaur barding of flying (worn)
Jewellery
 t - an uncursed ring of resist corrosion
 O - a ring of protection from cold (left hand)
 U - an amulet of faith (around neck)
 W - the ring "Restamed" (right hand) {Ice rPois}
   (You found it on level 8 of the Dungeon)

   [ring of ice]

   It enhances your ice magic.
   It makes you vulnerable to fire.
   It protects you from cold.
   It protects you from poison.
Wands
 A - a wand of disintegration (16)
 B - a wand of paralysis (6)
 I - a wand of flame (20)
 J - a wand of scattershot (7)
 M - a wand of iceblast (8)
 T - a wand of enslavement (10)
Scrolls
 d - 3 scrolls of fear {!r}
 f - 13 scrolls of teleportation {@r3 !r}
 r - 3 scrolls of enchant weapon {unknown}
 C - 5 scrolls of magic mapping {@r5 !r}
 F - 2 scrolls of immolation {unknown}
 G - a scroll of holy word {unknown}
 K - 2 scrolls of blinking {unknown}
 L - a scroll of random uselessness {unknown}
 P - 2 scrolls of summoning {unknown}
Potions
 i - 5 potions of might {@q3 !q}
 j - 6 potions of curing {@q1 !q}
 k - 3 potions of lignification {@q6}
 s - a potion of ambrosia {unknown}
 u - 4 potions of agility
 v - a potion of mutation {unknown}
 z - a potion of resistance {unknown}
 E - a potion of magic
 Q - a potion of berserk rage
 R - a potion of haste {unknown}
 S - a potion of cancellation
Comestibles
 e - 13 rations


   Skills:
 - Level 10.0(14.4) Fighting
 - Level 5.5(11.2) Polearms
 - Level 6.0(11.4) Staves
 - Level 3.9(8.4) Slings
 - Level 11.1(15.5) Bows
 - Level 0.3(6.9) Throwing
 - Level 2.1(6.6) Dodging
 - Level 1.1(5.6) Stealth
 - Level 6.2(5.7) Invocations
 + Level 4.4(3.9) Evocations


You had 10 spell levels left.
You didn't know any spells.
Your spell library contained the following spells:

 Spells                   Type           Power        Failure   Level  Hunger
 Corona                   Hex            #......      99%         1    ##.....
 Magic Dart               Conj           #...         99%         1    ##.....
 Blink                    Tloc           N/A          100%        2    ###....
 Call Imp                 Summ           #.......     100%        2    ###....
 Slow                     Hex            #.......     100%        2    ###....
 Conjure Flame            Conj/Fire      #.......     100%        3    ####...
 Inner Flame              Hex/Fire       #.......     100%        3    ####...
 Mephitic Cloud           Conj/Pois/Air  #.......     100%        3    ####...
 Portal Projectile        Hex/Tloc       #.....       100%        3    ####...
 Cause Fear               Hex            #.........   100%        4    #####..
 Leda's Liquefaction      Hex/Erth       #.........   100%        4    #####..


Dungeon Overview and Level Annotations

Branches:
Dungeon (10/15)            Temple (0/1) D:5             Orc (0/2) D:9
  Sewer (visited)         Ossuary (visited)          Bailey (visited)
   Lair: D:8-11

Altars:
Cheibriados
Dithmenos
Elyvilon
Kikubaaqudgha
Okawaru
Trog
Uskayaw
Wu Jian
Zin

Shops:
D:5 %   D:8 [   D:9 =

Annotations:
D:10 Snorg


Innate Abilities, Weirdness & Mutations

You have hooves in place of feet.
Armour fits poorly on your strangely shaped body.
You cover ground very quickly.
You have extremely tough skin. (AC +3)


Message History

Okay, then.
Okay, then.
As you read the scroll of identify {@r1}, it crumbles to dust.
u - 5 potions of agility
As you read the scroll of identify {@r1}, it crumbles to dust.
Q - 2 potions of berserk rage You feel sick.
As you read the scroll of identify {@r1}, it crumbles to dust.
p - 2 potions of degeneration Drop what? 48/52 slots (_ for help) (? for menu, Esc to quit)
You drop 2 potions of degeneration.
Drop what? 47/52 slots (_ for help) (? for menu, Esc to quit)
Okay, then.
Okay, then.
Unknown command.
Okay, then.
You feel sick.
You feel sick.
You feel sick.
You feel sick.
You are no longer poisoned.
You see here a +0 falchion.
A worker ant comes into view.
The worker ant twitches its antennae in your direction.
You see here an arrow.
A worker ant is nearby!
A worker ant is nearby!
You sock the worker ant! You kick the worker ant.
The worker ant is severely wounded.
The worker ant bites you.
You are poisoned.
The worker ant poisons you!
The worker ant bites you but does no damage.
You hit the worker ant.
You kill the worker ant!
Okawaru accepts your kill.
You feel sick.
No target in view!
No target in view!
You feel sick.
You feel sick.
You feel sick.
You feel sick.
You feel sick.
You feel sick.
You are no longer poisoned.
D - 216 arrows (gained 1)
D - 218 arrows (gained 2)
You now have 1357 gold pieces (gained 11).
You open the door.
There is an open door here.
D - 228 arrows (gained 10)
You open the door.
Snorg the Insatiable comes into view.
Snorg shouts!
You gain the combat prowess of a mighty hero.
Snorg bites you but does no damage. Snorg claws you but does no damage. x2
You hit Snorg. You burn Snorg. You kick Snorg!
Snorg is lightly wounded.
You sock Snorg!
Snorg is moderately wounded.
Snorg bites you but does no damage. Snorg claws you but does no damage.
Snorg claws you.
You hit Snorg. You freeze Snorg. You kick Snorg, but do no damage.
Snorg is moderately wounded.
Snorg goes berserk!
You hit Snorg. You burn Snorg.
Snorg is moderately wounded.
Snorg bites you! Snorg claws you. Snorg completely misses you.
You fail to use your ability.
Snorg bites you! Snorg claws you! Snorg claws you but does no damage.
You hit Snorg.
Snorg is poisoned.
Your kick misses Snorg.
Snorg is moderately wounded.
Snorg barely misses you. Snorg claws you! Snorg barely misses you.
Snorg bites you! Snorg claws you! x2
* * * LOW HITPOINT WARNING * * *
Okay, then.
Unknown command.
Snorg rages.
A red film seems to cover your vision as you go berserk!
You feel yourself moving faster!
You feel mighty! Snorg bites you but does no damage.
Snorg completely misses you. Snorg claws you but does no damage.
You feel a strong urge to attack something.
You feel your anger nearly subside.
There is an open door here.
You are no longer berserk.
You are exhausted.
You feel yourself slow down.
You close the door.
Something unseen opens the door.
Snorg bites you.
* * * LOW HITPOINT WARNING * * *
Snorg claws you.
* * * LOW HITPOINT WARNING * * *
Snorg claws you!
* * * LOW HITPOINT WARNING * * *
Okay, then.
You feel agile all of a sudden. Snorg bites you!!
You die...

....#
#.#.##..###
....##
#.#.#....#
.<...#
######....#
.....#
#.#.......#
.....#
#.........#
##+###
###.......#
#)#
#.......#
#.#
#.......#
#.#
######@##
#.# #..T.#
..#
###'#####
.##
#.......# .
#.......# ..
#.......#
#.......#
#..'.......#
####.......#


You could see Snorg (berserk).

Vanquished Creatures
  Urug (D:10)
  An orc knight (Bailey)
  2 trolls
  A jumping spider (shapeshifter) (D:10)
  2 hornets (D:10)
  A hippogriff (D:9)
  A wyvern (D:9)
  3 wraiths (D:10)
  Grum (D:10)
  Eustachio (D:5)
  Menkaure (D:6)
  A water moccasin (D:10)
  7 orc warriors
  Purgy (Sewer)
  3 ice beasts
  2 sky beasts
  3 black bears
  A phantom (D:5)
  4 wolves (D:10)
  5 ogres
  7 centaurs
  3 big kobolds
  Blork the orc (D:5)
  A wyvern zombie (D:9)
  A gnoll sergeant (D:6)
  3 bullfrogs
  A scorpion (D:9)
  3 wights (D:9)
  7 killer bees
  5 crimson imps
  3 centaur zombies (Ossuary)
  A quasit (D:6)
  2 bullfrog zombies
  2 jellies
  A hound (D:9)
  5 orc priests
  6 orc wizards
  Crazy Yiuf (D:2)
  2 bullfrog skeletons (D:5)
  Jessica (D:2)
  2 iguanas
  13 mummies
  10 worker ants
  2 killer bee zombies (Ossuary)
  3 hound zombies (Ossuary)
  4 hound skeletons
  4 worker ant zombies
  7 gnolls
  11 adders
  2 shadow imps
  An ooze (D:5)
  4 adder zombies (Ossuary)
  2 worms
  A dart slug (D:2)
  7 leopard geckos
  37 orcs
  4 ball pythons
  8 bats
  11 giant cockroaches
  22 goblins
  13 hobgoblins
  9 jackals
  5 quokkas
  10 frilled lizards
  2 giant cockroach zombies (Ossuary)
  A goblin zombie (D:8)
  A jackal zombie (D:5)
  44 kobolds
  A leopard gecko zombie (Ossuary)
  A quokka zombie (D:8)
  7 rats
  A plant (D:8)
  A withered plant (Ossuary)
349 creatures vanquished.

Vanquished Creatures (others)
  A kobold demonologist (D:10)
  A withered plant (Ossuary)
2 creatures vanquished.

Grand Total: 351 creatures vanquished

Notes
Turn   | Place    | Note
-------+----------+-------------------------------------------
     0 | D:1      | MisterOstroum the Centaur Monk began the quest for the Orb.
     0 | D:1      | Reached XP level 1. HP: 19/19 MP: 1/1
   346 | D:1      | Reached XP level 2. HP: 25/26 MP: 2/2
  1278 | D:2      | Reached XP level 3. HP: 30/31 MP: 3/3
  1692 | D:2      | Noticed Jessica
  1700 | D:2      | Killed Jessica
  1700 | D:2      | Reached skill level 1 in Slings
  1700 | D:2      | Reached XP level 4. HP: 37/38 MP: 4/4
  1966 | D:2      | Found a shadowy altar of Dithmenos.
  2256 | D:2      | Found a runed translucent door.
  2257 | D:2      | Noticed Crazy Yiuf
  2429 | D:2      | Killed Crazy Yiuf
  2608 | D:3      | Reached XP level 5. HP: 19/45 MP: 5/5
  3586 | D:3      | Found a faded altar of an unknown god.
  3600 | D:3      | Became a worshipper of Warmaster Okawaru
  3600 | D:3      | Reached * piety under Okawaru
  3600 | D:3      | Reached ** piety under Okawaru
  3812 | D:3      | Found a bloodstained altar of Trog.
  4037 | D:4      | Found an ancient bone altar of Kikubaaqudgha.
  4073 | D:4      | Noticed a phantom
  4085 | D:5      | Entered Level 5 of the Dungeon
  4117 | D:4      | Found a glowing drain.
  4129 | D:4      | Reached skill level 1 in Staves
  4238 | Sewer    | Entered a sewer
  4300 | Sewer    | Reached XP level 6. HP: 52/52 MP: 6/6
  4303 | Sewer    | Noticed Purgy
  4314 | Sewer    | Killed Purgy
  4314 | Sewer    | Reached *** piety under Okawaru
  5181 | D:4      | Found a glowing silver altar of Zin.
  5458 | D:5      | Noticed an ice beast
  5465 | D:5      | Received a gift from Okawaru
  5465 | D:5      | Reached XP level 7. HP: 45/60 MP: 7/7
  5473 | D:5      | Reached skill level 1 in Invocations
  5518 | D:4      | Reached skill level 5 in Fighting
  5650 | D:5      | Reached skill level 1 in Bows
  5762 | D:5      | Noticed Eustachio
  5813 | D:5      | Killed Eustachio
  5813 | D:5      | Reached XP level 8. HP: 63/68 MP: 8/10
  5969 | D:5      | Found a staircase to the Ecumenical Temple.
  5979 | D:5      | Reached skill level 2 in Bows
  6004 | D:5      | Noticed Blork the orc
  6007 | D:5      | Killed Blork the orc
  6171 | D:5      | Reached skill level 5 in Staves
  6436 | D:5      | Reached skill level 3 in Bows
  6737 | D:5      | Found Qaxada's Food Boutique.
  6995 | D:5      | Reached **** piety under Okawaru
  6995 | D:5      | Reached skill level 4 in Bows
  7224 | D:6      | Reached skill level 5 in Bows
  7859 | D:6      | Reached skill level 6 in Bows
  8006 | D:6      | Reached XP level 9. HP: 78/78 MP: 11/11
  8063 | D:6      | Noticed Menkaure
  8127 | D:6      | Received a gift from Okawaru
  8196 | D:6      | Killed Menkaure
  8196 | D:6      | Reached skill level 7 in Bows
  8937 | D:7      | Found a flagged portal.
  9001 | Bailey   | Entered a bailey
  9008 | Bailey   | Noticed an orc knight
  9221 | Bailey   | Reached skill level 8 in Bows
  9406 | Bailey   | Killed an orc knight
  9406 | Bailey   | Reached ***** piety under Okawaru
  9570 | Bailey   | Reached skill level 9 in Bows
 10354 | D:7      | Reached XP level 10. HP: 90/90 MP: 13/13
 10468 | D:7      | Found an ornate altar of the Wu Jian Council.
 10586 | D:7      | Reached skill level 5 in Invocations
 10834 | D:8      | Found a sand-covered staircase.
 10853 | Ossuary  | Entered an ossuary
 10889 | Ossuary  | Received a gift from Okawaru
 11435 | D:8      | Reached skill level 10 in Bows
 11669 | D:8      | Found Keoplaem's Armour Emporium.
 12061 | D:8      | Reached skill level 5 in Polearms
 12751 | D:8      | Got a fine ivory ring
 12837 | D:9      | Identified the ring "Restamed" {Ice rPois} (You found it on
                  | level 8 of the Dungeon)
 12881 | D:9      | Found a snail-covered altar of Cheibriados.
 13091 | D:9      | Received a gift from Okawaru
 13247 | D:9      | Found a staircase to the Orcish Mines.
 13375 | D:9      | Found a hide-covered altar of Uskayaw.
 13385 | D:9      | Found a white marble altar of Elyvilon.
 13437 | D:9      | Found Dybeorae's Jewellery Shop.
 14173 | D:10     | Entered Level 10 of the Dungeon
 14182 | D:10     | Noticed Urug
 14196 | D:10     | Killed Urug
 14196 | D:10     | Reached skill level 11 in Bows
 14343 | D:10     | Reached skill level 10 in Fighting
 14416 | D:10     | Noticed Grum
 14426 | D:10     | Reached skill level 1 in Evocations
 14426 | D:10     | Reached XP level 11. HP: 99/99 MP: 12/15
 14438 | D:10     | Killed Grum
 14536 | D:10     | Paralysed by a hornet for 1 turns
 14948 | D:10     | Noticed Josephine
 15214 | D:10     | Noticed Josephine
 15214 | D:10     | Josephine changed into Josephine the glowing shapeshifter
 15215 | D:10     | Noticed Josephine
 15215 | D:10     | Josephine the glowing shapeshifter changed into Josephine
                  | the eye of devastation
 15216 | D:10     | Noticed Josephine
 15216 | D:10     | Josephine the eye of devastation changed into Josephine the
                  | snapping turtle
 15220 | D:10     | Noticed Josephine
 15220 | D:10     | Josephine the snapping turtle changed into Josephine the
                  | two-headed ogre
 15239 | D:10     | Noticed Josephine
 15239 | D:10     | Josephine the two-headed ogre changed into Josephine the
                  | lindwurm
 15240 | D:10     | Noticed Josephine
 15240 | D:10     | Josephine the lindwurm changed into Josephine the
                  | tarantella
 15243 | D:10     | Noticed Josephine
 15243 | D:10     | Josephine the tarantella changed into Josephine the meliai
 15244 | D:10     | Noticed Josephine
 15244 | D:10     | Josephine the meliai changed into Josephine the troll
 15252 | D:10     | Noticed Josephine
 15252 | D:10     | Josephine the troll changed into Josephine the jumping
                  | spider
 15287 | D:10     | Noticed Josephine
 15288 | D:10     | Noticed Josephine
 15288 | D:10     | Josephine the meliai changed into Josephine the jumping
                  | spider
 15293 | D:10     | Killed Josephine the jumping spider
 15682 | D:10     | Noticed Snorg
 15698 | D:10     | HP: 3/99 [Snorg (13)]
 15699 | D:10     | Demolished by Snorg

Levels and vault maps discovered:
D:1:      lightli_arrival_isolated_outpost, layout_basic, minmay_strange_pillars
D:2:      layout_basic, first_ration, minmay_liquid_box,
          nicolae_dithmenos_through_a_glass_darkly, uniq_crazy_yiuf_cottage,
          uniq_jessica
D:3:      layout_loops_ring, chequers_ecumenical_altar_island,
          hangedman_decor_slide_cut, trog_hazing_becter
D:4:      layout_loops_ring, kiku_gazebo_garden_becter, marbit_many_paths,
          portal_sewer_entry_b
D:5:      layout_loops_ring, minmay_temple_entry_statues_fountains,
          serial_shops, shop, uniq_eustachio, uniq_blork_the_orc
D:6:      mumra_celtic_spiral_tile, layout_rooms, uniq_menkaure
D:7:      layout_rooms, old_standard_altar, serial_corexii_hall,
          corexii_hall_statues_x, corexii_hall_statues_x, enter_bailey_3
D:8:      minmay_weird_star, layout_basic, serial_shops, shop, enter_ossuary_4
D:9:      layout_basic, slow_altar_1, minitemple, orc_0_dummy, serial_shops,
          nicolae_shop_trees
D:10:     layout_roguey, hangedman_pestilent_swarm, uniq_snorg, uniq_urug,
          uniq_grum, uniq_josephine

Skill      XL: |  1  2  3  4  5  6  7  8  9 10 11 |
---------------+----------------------------------+-----
Polearms       | 3 4 5 |  5.5
Slings         | 1 2 3 |  3.9
Fighting       | 4 5 6 8 10 | 10.0
Staves         | 1 3 4 5 6 |  6.0
Invocations    | 2 3 4 6 |  6.2
Bows           | 1 6 9 11 | 11.1
Evocations     | 1 4 |  4.4
Throwing       | |  0.3
Dodging        | |  2.1
Stealth        | |  1.1

Action                   |  1- 3 |  4- 6 |  7- 9 | 10-12 || total
-------------------------+-------+-------+-------+-------++-------
Melee: Spear             |   143 |    83 |       |       ||   226
       Kick              |    23 |    35 |    48 |    60 ||   166
       Quarterstaff      |       |    99 |   195 |   219 ||   513
 Fire: Hunting sling     |     3 |    60 |    12 |       ||    75
       Shortbow          |       |       |   256 |   345 ||   601
Throw: Stone             |    47 |   128 |    40 |    26 ||   241
       Dart              |     2 |       |       |     2 ||     4
       Throwing net      |       |       |       |     1 ||     1
       Javelin           |       |       |       |     1 ||     1
Invok: Heroism           |       |     1 |     6 |     7 ||    14
       Finesse           |       |       |       |     1 ||     1
 Abil: Stop Flying       |       |       |       |     1 ||     1
  Use: Scroll            |       |     3 |     7 |     5 ||    15
       Potion            |       |     3 |     3 |     4 ||    10
 Stab: Paralysed         |       |       |     2 |     1 ||     3
       Petrifying        |       |       |     2 |     1 ||     3
       Sleeping          |       |       |     1 |       ||     1
       Held in net/web   |       |       |       |     2 ||     2
  Eat: Chunk             |     2 |     6 |    13 |     8 ||    29
       Ration            |       |     1 |       |     2 ||     3
Armor: Robe              |    28 |    59 |    22 |       ||   109
       Scale mail        |     9 |       |       |       ||     9
       Chain mail        |       |       |    81 |   157 ||   238
Dodge: Dodged            |    50 |    71 |    88 |    50 ||   259

Table legend:
 A = Non-vault XP
 B = Vault XP
 C = Vault XP percentage of total XP
 D = Non-vault monster count
 E = Vault monster count
 F = Vault count percentage of total count
                 A         B        C        D         E       F
            +---------+---------+-------+---------+---------+-------
      Total |    7725 |    5690 |  42.4 |     248 |     100 |  28.7
            +---------+---------+-------+---------+---------+-------
        D:1 |      37 |       0 |   0.0 |      22 |       0 |   0.0
        D:2 |      84 |      76 |  47.5 |      29 |       2 |   6.5
        D:3 |     115 |      11 |   8.7 |      27 |       6 |  18.2
        D:4 |     214 |      51 |  19.2 |      19 |       5 |  20.8
        D:5 |    1052 |     285 |  21.3 |      27 |       2 |   6.9
        D:6 |    1037 |     172 |  14.2 |      23 |       1 |   4.2
        D:7 |    1385 |       8 |   0.6 |      27 |       4 |  12.9
        D:8 |     948 |       2 |   0.2 |      25 |       2 |   7.4
        D:9 |    2126 |      18 |   0.8 |      35 |       1 |   2.8
       D:10 |     727 |    3034 |  80.7 |      14 |      14 |  50.0
      Sewer |       0 |     152 | 100.0 |       0 |       7 | 100.0
    Ossuary |       0 |     582 | 100.0 |       0 |      29 | 100.0
     Bailey |       0 |    1299 | 100.0 |       0 |      27 | 100.0
            +---------+---------+-------+---------+---------+-------
